 Dungeon Crawl Stone Soup version 0.29.1 (webtiles) character file.

Game seed: 5202174956490024646

222 groovy9 the Shooter (level 5, -18/30 HPs)
             Began as a Gargoyle Hunter on Sept 14, 2022.
             Killed from afar by Pikel (22 damage)
             ... with a bolt of acid
             ... on level 4 of the Dungeon.
             The game lasted 00:13:38 (4422 turns).

groovy9 the Shooter (Gargoyle Hunter)               Turns: 4422, Time: 00:13:39

Health: -18/30     AC:  6    Str: 14    XL:     5   Next: 99%
Magic:  5/5        EV: 11    Int: 16    God:
Gold:   212        SH:  0    Dex: 15    Spells: 4/4 levels left

rFire   . . .      SeeInvis .   a - +1 shortbow
rCold   . . .      Faith    .   (shield currently unavailable)
rNeg    + . .      Spirit   .   c - +2 leather armour {Will+}
rPois   ∞          Reflect  .   (no helmet)
rElec   +          Harm     .   m - +0 cloak
rCorr   .          Rampage  .   (no gloves)
Will    ++...                   (no boots)
Stlth   ++........              (no amulet)
HPRegen 0.10/turn               n - ring of willpower
MPRegen 0.09/turn               q - +6 ring of intelligence

@: corroded
A: sickness immunity, AC +4, negative energy resistance 1, electricity
resistance, torment resistance 1, petrification resistance
a: no special abilities


You were on level 4 of the Dungeon.
You visited 1 branch of the dungeon, and saw 5 of its levels.

You collected 212 gold pieces.

Inventory:

Hand Weapons
 a - a +1 shortbow (weapon)
Missiles
 d - 6 curare-tipped darts
 i - 2 poisoned darts
 r - a throwing net
Armour
 c - a +2 leather armour of willpower (worn)
 m - a +0 cloak (worn)
 t - a +0 leather armour of cold resistance
Jewellery
 n - a ring of willpower (left hand)
 q - a +6 ring of intelligence (right hand)
 u - an amulet of faith
 w - a ring of see invisible
Scrolls
 b - 2 scrolls of immolation
 g - a scroll of magic mapping
 h - a scroll of enchant weapon
 o - a scroll of teleportation
 p - 2 scrolls of amnesia
Potions
 e - a potion of resistance {unknown}
 f - a potion of ambrosia {unknown}
 j - 4 potions of attraction
 k - 2 potions of heal wounds {unknown}
 l - a potion of might {unknown}
 s - a potion of lignification {unknown}
 v - a potion of cancellation {unknown}


   Skills:
 - Level 2.1 Fighting
 + Level 7.0 Ranged Weapons
 - Level 1.5 Dodging
 - Level 1.1 Stealth


You had 4 spell levels left.
You didn't know any spells.
Your spell library contained the following spells:

 Spells                   Type           Power      Damage    Failure   Level
 Sandblast                Erth           0%         2d4       32%         1
 Passwall                 Tmut/Erth      0%         N/A       43%         2
 Stone Arrow              Conj/Erth      0%         3d7       67%         3
 Tukima's Dance           Hex            0%         N/A       67%         3
 Passage of Golubria      Tloc           0%         N/A       97%         4
 Yara's Violent Unravell  Hex/Tmut       0%         3d3       100%        5


Dungeon Overview and Level Annotations

Branches:
Dungeon (5/15)
 Temple: D:4-7

Altars:
Nemelex Xobeh
Ru
Zin
The Shining One

Annotations:
D:4 Pikel


Innate Abilities, Weirdness & Mutations

You are immune to sickness and miasma.
Your stone body is resilient. (AC +4)
You are immune to poison.
You resist negative energy. (rN+)
You are resistant to electric shocks. (rElec)
You are resistant to unholy torment.
You are immune to petrification.


Message History

You shoot an arrow. The arrow barely misses the hound.
The hound bites you but does no damage.
You shoot an arrow. The arrow hits the hound!
You kill the hound!
Your Ranged Weapons skill increases to level 7!
You now have 212 gold pieces (gained 7).
f - a ruby potion You pick up Great Wizards, Vol.
VII and begin reading...
You add the spells Tukima's Dance, Passage of Golubria and Yara's Violent Unravelling to your library.
Okay, then.
You see here a +0 robe.
An orc wizard comes into view. It is wielding a +0 dagger of draining.
The orc wizard shouts!
A water moccasin and a necrophage come into view.
You see here a ring of see invisible.
w - a ring of see invisible
There is a stone staircase leading up here.
You climb upwards.
Level annotation: Pikel
There is a stone staircase leading down here.
Okay, then.
Okay, then.
Okay, then.
Search for what [Enter for "."]? .
You don't know any spells.
Sorry, you're not good enough to have a special ability.
Okay, then.
Okay, then.
Okay, then.
Okay, then.
Pikel zaps a wand.
The bolt of acid misses you.
You open the door.
Pikel zaps a wand.
The bolt of acid hits you!
There is an open door here.
Pikel zaps a wand.
The bolt of acid hits you!
Ouch! That really hurt!
* * * LOW HITPOINT WARNING * * *
The acid corrodes you!
Pikel zaps a wand.
The bolt of acid hits you!!
Ouch! That really hurt!
You die...

≈..###########
#....####.
≈..##....[...#
#.......#
≈..##........#
#.....#.#
≈............#
#.....#.#.#
≈.###........#
#.....#.#.# ≈.#
#........#
#.....#.#.########
..###.########
#.#+#.#.#>#.......
......#
#.#.....#.#.######
.###..#
#@#.....#.#.#
.<##..#
#.#.###.#...#
......#
#.#.........#
..###.#
###'####.._...#
..#...#
#...K.##..8...#
...#.##
#.....#.5._...#
#..#.#
#....5...5....#
#..#.#
#....>######..######
#..#.### #.....#
##.#.....


You could see Pikel.

Vanquished Creatures
  A hound (D:5)
  Ijyb (D:3)
  An iguana (D:4)
  4 adders
  2 dart slugs
  10 orcs
  5 bats
  4 endoplasms
  A giant cockroach (D:2)
  12 goblins
  6 hobgoblins
  7 jackals
  4 quokkas
  11 ball pythons
  3 frilled lizards
  6 kobolds
  7 rats
85 creatures vanquished.

Vanquished Creatures (others)
  A goblin (D:3)
1 creature vanquished.

Grand Total: 86 creatures vanquished

Notes
Turn   | Place    | Note
-------+----------+-------------------------------------------
     0 | D:1      | groovy9 the Gargoyle Hunter began the quest for the Orb.
     0 | D:1      | Reached XP level 1. HP: 12/12 MP: 1/1
   150 | D:1      | Reached XP level 2. HP: 17/17 MP: 2/2
   302 | D:1      | Reached XP level 3. HP: 19/21 MP: 3/3
   377 | D:1      | Reached skill level 5 in Ranged Weapons
  1456 | D:3      | Reached XP level 4. HP: 26/26 MP: 4/4
  1705 | D:3      | Found a glowing silver altar of Zin.
  2155 | D:3      | Reached skill level 6 in Ranged Weapons
  2548 | D:3      | Reached XP level 5. HP: 30/30 MP: 5/5
  2639 | D:3      | Noticed Ijyb
  3214 | D:3      | Killed Ijyb
  3379 | D:4      | Found a glowing golden altar of the Shining One.
  3694 | D:4      | Noticed a lemure
  3695 | D:4      | Noticed a lemure
  3695 | D:4      | Noticed a lemure
  3784 | D:4      | Found a sparkling altar of Nemelex Xobeh.
  3784 | D:4      | Found a sacrificial altar of Ru.
  3784 | D:4      | Noticed Pikel
  3784 | D:4      | Noticed a lemure
  3937 | D:5      | Entered Level 5 of the Dungeon
  4049 | D:5      | Noticed a black bear
  4361 | D:5      | Reached skill level 7 in Ranged Weapons
  4389 | D:5      | Noticed a water moccasin
  4422 | D:4      | Killed from afar by Pikel

Illustrated notes

Levels and vault maps discovered:
D:1:      onia_arrival_mini_spirals, layout_basic, chequers_decorated_corner,
          chequers_avenue
D:2:      layout_loops_corners, minmay_misc_feat_tower
D:3:      kennysheep_goblin_castle, layout_loops_corners, zin_treasury
D:4:      layout_basic, mainiacjoe_overflow_cross_hatched,
          chequers_temple_overflow_statue_of_worship, uniq_pikel
D:5:      layout_loops_ring, minmay_temple_entry_water_ring,
          minmay_misc_feat_more_columns, minmay_puff

Skill      XL: |  1  2  3  4  5 |
---------------+----------------+-----
Ranged Weapons | 5 6 7 |  7.0
Fighting       | |  2.1
Dodging        | |  1.5
Stealth        | |  1.1

Action                   |  1- 3 |  4- 6 || total
-------------------------+-------+-------++-------
 Fire: Shortbow          |   104 |   153 ||   257
  Use: Scroll            |     3 |     8 ||    11
       Potion            |       |     2 ||     2
Armor: Leather armour    |    16 |    28 ||    44
Dodge: Dodged            |    27 |    41 ||    68
